 Dungeon Crawl Stone Soup version 0.27-a0-909-g0721f309d1 (webtiles) character file.

Game seed: 1238807360670694938

50 EnegeticOcto the Magician (level 3, 0/25 HPs)
             Began as a Djinni Fire Elementalist on Apr 8, 2021.
             Slain by a jackal (2 damage)
             ... on level 3 of the Dungeon.
             The game lasted 00:01:55 (359 turns).

EnegeticOcto the Magician (Djinni Fire Elementalist) Turns: 359, Time: 00:01:56

Health: 0/25       AC:  2    Str:  7    XL:     3   Next: 79%
Gold:   13         EV: 12    Int: 17    God:
                   SH:  0    Dex: 13

rFire    + + .     SeeInvis .   (no weapon)
rCold    x . .     Faith    .   (no shield)
rNeg     . . .     Spirit   .   a - +0 robe
rPois    ∞         Reflect  .   (no helmet)
rElec    .         Harm     .   (no cloak)
rCorr    .         Rampage  .   (no gloves)
Will     .....                  (boots unavailable)
Stlth    ++........             (no amulet)
HPRegen  0.08/turn              (no ring)
MPRegen  0.00/turn              (no ring)

@: flying
A: fire resistance 2, cold vulnerability 1, float, innate caster, hp casting,
extra vitality 1
a: no special abilities


You were on level 3 of the Dungeon.
You visited 1 branch of the dungeon, and saw 4 of its levels.

You collected 13 gold pieces.

Inventory:

Armour
 a - a +0 robe (worn)
Wands
 c - a wand of mindburst (7)
   (You found it on level 3 of the Dungeon)
Scrolls
 b - a scroll of identify {@r1}


   Skills:
 - Level 2.1 Dodging
 - Level 1.5 Stealth
 + Level 4.0 Spellcasting


You couldn't memorise any spells.
You knew the following spells:

 Your Spells              Type           Power      Damage    Failure   Level
a - Inner Flame           Hex/Fire       17%        N/A       9%          3
b - Foxfire               Conj/Fire      68%        2x1d7     3%          1
c - Conjure Flame         Conj/Fire      17%        6-21      9%          3
d - Sticky Flame          Conj/Fire      17%        2d4       30%         4
e - Fireball              Conj/Fire      8%         3d6       63%         5
f - Sandblast             Erth           34%        2d9       3%          1
Your spell library was empty.

Dungeon Overview and Level Annotations

Branches:
Dungeon (4/15)
 Temple: D:4-7

Altars:


Innate Abilities, Weirdness & Mutations

You are immune to poison.
Your flesh is very heat resistant. (rF++)
You are vulnerable to cold. (rC-)
You float through the air rather than walking.
You learn spells naturally, not from books.
Your magical power is your life essence.
You have superior vitality. (+4 HP)


Message History

Casting: Foxfire (safe; 4% risk of failure)
Confirm with . or Enter, or press ? or * to list all spells.
You conjure some foxfire!
The foxfire hits the iguana.
The iguana is heavily wounded.
The foxfire hits the iguana.
The iguana is heavily wounded.
The foxfire hits the iguana.
The iguana is severely wounded.
The foxfire hits the iguana but does no damage.
The iguana is severely wounded.
The iguana bites you!
Casting: Foxfire (safe; 4% risk of failure)
Confirm with . or Enter, or press ? or * to list all spells.
You conjure some foxfire!
The iguana barely misses you.
The foxfire hits the iguana.
The iguana is almost dead.
The foxfire hits the iguana.
You kill the iguana!
You have reached level 3!
Your experience leads to an increase in your attributes!
Increase (s)trength, (i)ntelligence, or (d)exterity?
You feel clever.
The power to cast Sandblast wells up from within.
Spell assigned to 'f'.
(D) Dungeon
Where to? (Enter - D:3, ? - help)
There is a stone staircase leading down here.
You fly downwards.
You hear the hiss of flowing sand.
There is an entrance to an ossuary on this level.
Hurry and find it before the portal is buried!
An adder and a lemure come into view.
There is a stone staircase leading up here.
Casting: Foxfire (safe; 3% risk of failure)
Confirm with . or Enter, or press ? or * to list all spells.
You conjure some foxfire!
The lemure shouts!
The adder hisses angrily.
Casting: Foxfire (safe; 3% risk of failure)
Confirm with . or Enter, or press ? or * to list all spells.
You conjure some foxfire!
The foxfire hits the adder.
The adder is lightly wounded.
The foxfire hits the adder.
The adder is moderately wounded.
The adder bites you.
* * * LOW HITPOINT WARNING * * *
A lemure comes into view.
Casting: Foxfire (safe; 3% risk of failure)
Confirm with . or Enter, or press ? or * to list all spells.
You conjure some foxfire!
* * * LOW HITPOINT WARNING * * *
The foxfire hits the adder.
The adder is severely wounded.
The adder bites you but does no damage.
Casting: Foxfire (safe; 3% risk of failure)
Confirm with . or Enter, or press ? or * to list all spells.
You conjure some foxfire!
* * * LOW HITPOINT WARNING * * *
The foxfire hits the adder.
The adder is almost dead.
The foxfire hits the adder.
You kill the adder!
Your Spellcasting skill increases to level 4!
Casting: Foxfire (safe; 3% risk of failure)
Confirm with . or Enter, or press ? or * to list all spells.
You conjure some foxfire!
* * * LOW HITPOINT WARNING * * *
The foxfire hits the lemure.
The lemure is lightly wounded.
A lemure comes into view.
The foxfire hits the lemure.
The lemure is moderately wounded.
The foxfire hits the lemure.
The lemure is heavily wounded.
You fly upwards.
A jackal comes into view. x2
There is a stone staircase leading down here.
Casting: Foxfire (safe; 3% risk of failure)
Confirm with . or Enter, or press ? or * to list all spells.
You conjure some foxfire!
The jackal barks! x2
* * * LOW HITPOINT WARNING * * *
Casting: Foxfire (safe; 3% risk of failure)
Confirm with . or Enter, or press ? or * to list all spells.
You conjure some foxfire!
* * * LOW HITPOINT WARNING * * *
The foxfire hits the jackal but does no damage.
The foxfire hits the jackal.
The jackal is almost dead.
The foxfire hits the jackal.
You kill the jackal!
The foxfire hits the jackal.
The jackal is almost dead.
The jackal misses you. The jackal bites you.
* * * LOW HITPOINT WARNING * * *
The jackal barely misses you. The jackal barely misses you.
The jackal bites you but does no damage.
The jackal barely misses you. The jackal bites you.
You die...

##. .. .. # .##
#...# #
#.#.##.###
#........# ##h##
#@†.## #....# #
#....##.#
##...†..#
###.#### #...##
#....###########
#...............
################


You could see a jackal.

Vanquished Creatures
  An iguana (D:3)
  An adder (D:4)
  2 dart slugs
  A bat (D:2)
  A giant cockroach (D:1)
  A goblin (D:2)
  2 hobgoblins
  A jackal (D:3)
  2 ball pythons (D:1)
12 creatures vanquished.

Vanquished Creatures (others)
  50 foxfires
50 creatures vanquished.

Grand Total: 62 creatures vanquished

Notes
Turn   | Place    | Note
-------+----------+-------------------------------------------
     0 | D:1      | EnegeticOcto the Djinni Fire Elementalist began the quest
                  | for the Orb.
     0 | D:1      | Reached XP level 1. HP: 15/15 MP: 0/0
   123 | D:1      | Reached skill level 3 in Spellcasting
   164 | D:1      | Reached XP level 2. HP: 7/21 MP: 0/0
   341 | D:3      | Reached XP level 3. HP: 11/25 MP: 0/0
   341 | D:3      | Learned a level 1 spell: Sandblast
   344 | D:4      | Noticed a lemure
   346 | D:4      | Noticed a lemure
   349 | D:4      | Reached skill level 4 in Spellcasting
   349 | D:4      | Noticed a lemure
   355 | D:3      | HP: 1/25 [jackal (1)]
   359 | D:3      | Slain by a jackal

Illustrated notes

Levels and vault maps discovered:
D:1:      mrwooster_arrival_statue_3, layout_loops_ring,
          ebering_ecumenical_altar_rust, grunt_decor_junction
D:2:      layout_loops_ring, basic_altar
D:3:      layout_loops_cross, nicolae_overflow_hidden_temple, fedhas_altar_3,
          serial_park_tiny_pond, uniq_jessica
D:4:      layout_rooms, minmay_temple_entry_butterflies, enter_ossuary_2,
          hangedman_decor_clover_reticule, minmay_checkerbox,
          uniq_blork_the_orc, uniq_pikel, uniq_ijyb, uniq_menkaure

Skill      XL: |  1  2  3 |
---------------+----------+-----
Spellcasting   | 3 4 |  4.0
Dodging        | |  2.1
Stealth        | |  1.5

Action                   || total
-------------------------++-------
 Cast: Foxfire           ||    31
  Use: Scroll            ||     1
       Potion            ||     1
Armor: Robe              ||     5
Dodge: Dodged            ||    19

Table legend: (Time is in decaauts)
 A = Elapsed time spent in this place.
 B = Non-inter-level travel time spent in this place.
 C = Inter-level travel time spent in this place.
 D = Time resting spent in this place.
 E = Time spent auto-exploring this place.
 F = Levels seen in this place.
 G = Mean time per level.
                   A        B        C        D        E       F      G
               +--------+--------+--------+--------+--------+-----+--------+
         Total |    359 |    348 |     11 |      0 |      0 |   4 |   89.8 |
       Dungeon |    359 |    348 |     11 |      0 |      0 |   4 |   89.8 |
               +--------+--------+--------+--------+--------+-----+--------+

Top non-repeatable levels by time:
     D:1: 183 daAuts
     D:2: 102 daAuts
     D:3: 67 daAuts
     D:4: 6 daAuts
